 Dungeon Crawl Stone Soup version 0.17-a0-986-gf45d1aa (webtiles) character file.

106 RobertPalmer the Changer (level 4, -2/28 HPs)
             Began as an Octopode Transmuter on May 11, 2015.
             Slain by Purgy (7 damage)
             ... in a sewer.
             The game lasted 00:04:22 (2703 turns).

RobertPalmer the Changer (Octopode Transmuter)      Turns: 2703, Time: 00:04:23

Health: -2/28      AC:  4    Str:  9    XL:     4   Next: 84%
Magic:  3/7        EV: 20    Int: 15    God:
Gold:   148        SH:  0    Dex: 18    Spells: 3 memorised, 1 level left

rFire  . . .     SeeInvis .       - Unarmed
rCold  . . .     Clarity  .     (shield currently unavailable)
rNeg   . . .     SustAb   .     (helmet currently unavailable)
rPois  x         Gourm    .     (no amulet)
rElec  .         Spirit   .     m - +2 ring of protection
rCorr  .         Warding  .     (no ring)
rMut   .         Stasis   .     (no ring)
MR     .....                    (no ring)
Stlth  +++.......               (no ring)
                                (no ring)
                                (no ring)
                                (no ring)

@: spider-form (expiring), not resistant to hostile enchantments, fairly
stealthy
A: almost no armour, amphibious, 8 rings, (constrict 8), (camouflage 0),
(gelatinous body 0)
a: End Transformation


You were in a sewer.
You were not hungry.
You were a venomous arachnid creature.
You visited 1 branch of the dungeon, and saw 3 of its levels.
You also visited: Sewer.

You collected 148 gold pieces.

Inventory:

Hand weapons
 g - a +0 blowgun
   (You took it off a kobold in a sewer)
Missiles
 a - 99 arrows
 u - 6 poisoned needles
Jewellery
 k - a cursed ring of teleportation {+/*tele, !d}
   (You found it on level 2 of the Dungeon)
 m - a +2 ring of protection (left front leg)
   (You found it on level 2 of the Dungeon)
 r - a +3 ring of intelligence {unknown}
   (You found it on level 3 of the Dungeon)
Magical devices
 l - a wand of flame (23)
   (You found it on level 2 of the Dungeon)
 p - a wand of slowing (48)
   (You found it on level 3 of the Dungeon)
Scrolls
 f - a scroll of blinking {unknown}
 h - 2 scrolls of teleportation
 n - a scroll of identify
 v - a scroll of fear
Potions
 e - 2 potions of mutation {unknown}
 j - 2 potions of might {unknown}
 o - a potion of resistance {unknown}
 s - a potion of invisibility {unknown}
 t - a potion of flight {unknown}
Books
 b - a book of Changes
Comestibles
 c - 3 bread rations {@e1}
 d - 3 fruits
 i - a meat ration {@e2}
 q - a slice of pizza


   Skills:
 - Level 1.0 Fighting
 - Level 2.0 Dodging
 - Level 3.0 Unarmed Combat
 - Level 2.0 Spellcasting
 + Level 4.8 Transmutations


You had one spell level left.
You knew the following spells:

 Your Spells              Type           Power        Failure   Level  Hunger
a - Beastly Appendage     Trmt           ###...       12%         1    #......
c - Spider Form           Trmt/Pois      #.........   52%         3    ###....
s - Sticks to Snakes      Trmt           ###.......   17%         2    ###....


Dungeon Overview and Level Annotations

Branches:
Dungeon (3/15)

Altars:
Dithmenos
Zin
The Shining One

Annotations:
Sewer Purgy


Innate Abilities, Weirdness & Mutations

You cannot wear most types of armour.
You are amphibious.
You can wear up to eight rings at the same time.
((You can use your tentacles to constrict eight enemies at once.))
((Your skin changes colour to match your surroundings (Stealth).))
((Your rubbery body absorbs attacks (AC +1).))


Message History

A giant newt comes into view.
You miss the giant newt. Your grab misses the giant newt.
You squeeze the giant newt.
You kill the giant newt!
MP restored: 7
There is an open door here.
f - a scroll labeled YNISKY KARRU
There is an open door here.
Your transformation is almost over.
You open the door.
A kobold comes into view. It is wielding a club.
The kobold shouts!
The kobold unwields an uncursed club.
The kobold wields a blowgun.
The kobold shoots a poisoned needle.
The poisoned needle barely misses you.
The kobold unwields an uncursed blowgun.
The kobold wields an uncursed club.
The kobold closely misses you.
There is an open door here.
You miss the kobold. You grab the kobold. You constrict the kobold.
The kobold barely misses you.
You tentacle-slap the kobold.
You constrict the kobold, but do no damage.
The kobold closely misses you.
You tentacle-slap the kobold.
You kill the kobold!
Things that are here:
an uncursed club; an uncursed blowgun; 5 poisoned needles
e - 2 glowing orange potions (gained 1)
Your tentacle spike disappears.
Things that are here:
an uncursed club; an uncursed blowgun; 5 poisoned needles
g - an uncursed blowgun;
u - 5 poisoned needles
There is an open door here.
u - 6 poisoned needles (gained 1)
There is an open door here.
You open the door.
There is an open door here.
You open the door.
A giant newt comes into view.
The giant newt bites you.
There is an open door here.
You closely miss the giant newt. Your grab misses the giant newt.
Your tentacle-slap misses the giant newt.
The giant newt barely misses you.
You tentacle-slap the giant newt but do no damage.
You grab the giant newt. You squeeze the giant newt.
You kill the giant newt!
v - a scroll of fear
There is an open door here.
You open the door.
Purgy the Meek comes into view.
Purgy shouts!
You turn into a venomous arachnid creature.
You now have 4/7 mp.
Your transformation is almost over.
Purgy looks very sad for a moment.
Purgy closely misses you. x2
Purgy completely misses you.
Your unstable footing causes you to fumble your attack.
Purgy completely misses you. Purgy claws you but does no damage.
Purgy claws you but does no damage.
You hit Purgy.
Purgy is poisoned.
Purgy barely misses you. Purgy closely misses you. x2
You hit Purgy.
Purgy looks even sicker.
Purgy completely misses you. Purgy barely misses you.
Purgy completely misses you.
You barely miss Purgy.
Your unstable footing causes you to fumble your attack.
Purgy completely misses you. x3
Your unstable footing causes you to fumble your attack.
Purgy bites you! Purgy claws you but does no damage. Purgy misses you.
You take 7 damage, and have 19/28 hp.
MASSIVE DAMAGE!!
Purgy closely misses you. Purgy claws you. Purgy completely misses you.
You take 3 damage, and have 16/28 hp.
You hit Purgy.
Your transformation has ended.
Purgy bites you but does no damage. Purgy claws you. Purgy closely misses you.
You take 3 damage, and have 13/28 hp.
You tentacle-slap Purgy. Purgy closely misses you. Purgy claws you.
Purgy misses you.
You take 1 damage, and have 12/28 hp.
Unknown command.
You turn into a venomous arachnid creature.
Your transformation is almost over.
Purgy misses you. Purgy claws you. Purgy claws you.
* * * LOW HITPOINT WARNING * * *
You take 4 damage, and have 8/28 hp.
You now have 2/7 mp.
You barely miss Purgy. Purgy completely misses you. Purgy closely misses you.
Purgy claws you but does no damage.
Unknown command.
Purgy bites you.
* * * LOW HITPOINT WARNING * * *
Purgy claws you but does no damage. Purgy closely misses you.
You take 4 damage, and have 4/28 hp.
Purgy closely misses you. Purgy completely misses you. Purgy barely misses you.
Unknown command.
Your unstable footing causes you to fumble your attack.
Purgy bites you but does no damage. Purgy closely misses you. Purgy misses you.
Your unstable footing causes you to fumble your attack.
Purgy bites you!
You die...

###############
#)##.##.##.##.#
#.##.##.##.##.#
#'##'##'##'##'##+##+#
#...................####
#≈≈≈≈≈≈≈≈≈.≈≈≈≈Ts≈≈≈#≈≈≈
#≈≈≈≈≈≈≈≈≈∩≈≈≈≈≈≈≈≈≈#≈≈≈
#≈≈≈≈≈≈≈≈≈.≈≈≈≈≈≈≈≈≈#≈≈≈
#...................####
#'##'##'##.##'##'##+#
#.##.##)##.##.##.#
#.##.##.##∩##.##.#
##################


You could see Purgy.

Vanquished Creatures
  5 adders
  A river rat (D:3)
  2 worms (D:2)
  A giant gecko (D:1)
  An orc (D:3)
  5 goblins
  5 hobgoblins
  6 jackals
  2 quokkas
  A ball python (D:3)
  6 bats
  2 giant cockroaches
  8 giant newts
  3 kobolds
  2 rats
50 creatures vanquished.

Notes
Turn   | Place    | Note
--------------------------------------------------------------
     0 | D:1      | RobertPalmer the Octopode Transmuter began the quest for the Orb.
     0 | D:1      | Reached XP level 1. HP: 13/13 MP: 3/3
   117 | D:1      | HP: 3/13 [jackal (1)]
   118 | D:1      | HP: 1/13 [jackal (2)]
   120 | D:1      | Reached XP level 2. HP: 1/18 MP: 3/5
   607 | D:1      | Reached skill level 3 in Transmutations
  1130 | D:2      | Learned a level 2 spell: Sticks to Snakes
  1152 | D:2      | Reached XP level 3. HP: 19/23 MP: 4/6
  1577 | D:2      | Found a glowing silver altar of Zin.
  1700 | D:2      | Reached skill level 4 in Transmutations
  1700 | D:2      | Reached XP level 4. HP: 26/28 MP: 5/7
  2170 | D:3      | Found a glowing golden altar of the Shining One.
  2327 | D:3      | Found a shadowy altar of Dithmenos.
  2560 | D:3      | Found a glowing drain.
  2565 | Sewer    | Entered a sewer
  2619 | Sewer    | Learned a level 3 spell: Spider Form
  2680 | Sewer    | Noticed Purgy
  2699 | Sewer    | HP: 4/28 [Purgy (4)]
  2703 | Sewer    | Slain by Purgy

Vault maps used:
D:1:      lightli_arrival_statuegarden
D:2:      zin_treasury, first_bread, grunt_decor_mini_mirrors
D:3:      old_standard_altar, lemuel_crystal_altar, portal_sewer_entry_e
Sewer:    kennysheep_door_sewer

Action                   |  1- 3 |  4- 6 || total
-------------------------+-------+-------++-------
Melee: Unarmed           |    80 |    58 ||   138
 Cast: Beastly Appendage |    16 |    13 ||    29
       Sticks to Snakes  |     2 |       ||     2
       Spider Form       |       |     2 ||     2
  Use: Scroll            |     2 |     6 ||     8
 Stab: Sleeping          |     3 |     2 ||     5
       Distracted        |     1 |       ||     1
  Eat: Chunk             |     3 |     2 ||     5
       Beef jerky        |       |     1 ||     1

Vault maps used:
D:1:      lightli_arrival_statuegarden
D:2:      zin_treasury, first_bread, grunt_decor_mini_mirrors
D:3:      old_standard_altar, lemuel_crystal_altar, portal_sewer_entry_e
Sewer:    kennysheep_door_sewer

Table legend:
 A = Turns spent in this place as a percentage of turns spent in the entire game.
 B = Non-inter-level travel turns spent in this place as a percentage of non-inter-level travel turns spent in the entire game.
 C = Inter-level travel turns spent in this place as a percentage of turns spent in this place.
 D = Turns resting spent in this place as a percentage of non-inter-level travel turns spent in this place.
 E = Turns spent auto-exploring this place as a percentage of non-inter-level travel turns spent in this place.
 F = Non-inter-level travel turns spent in this place divided by the number of levels of this place that you've seen.
                   A       B       C       D       E      F
               +-------+-------+-------+-------+-------+----------------------
         Total | 100.0 | 100.0 |   0.4 |   2.5 |   9.4 | 203.0
       Dungeon |  84.0 |  84.0 |   0.4 |   1.8 |  11.1 | 227.3
         Sewer |  16.0 |  16.0 |   0.0 |   6.2 |   0.0 | 130.0
               +-------+-------+-------+-------+-------+----------------------

Table legend:
 A = Kills in this place as a percentage of kills in entire the game.
 B = Kills by you in this place as a percentage of kills by you in the entire game.
 C = Kills by friends in this place as a percentage of kills by friends in the entire game.
 D = Other kills in this place as a percentage of other kills in the entire game.
 E = Experience gained in this place as a percentage of experience gained in the entire game.
 F = Experience gained in this place divided by the number of levels of this place that you have seen.
                   A       B       C       D       E      F
               +-------+-------+-------+-------+-------+----------------------
         Total | 100.0 | 100.0 |  -nan |  -nan | 100.0 |  38.0
       Dungeon |  92.0 |  92.0 |  -nan |  -nan |  90.8 |  46.0
         Sewer |   8.0 |   8.0 |  -nan |  -nan |   9.2 |  14.0
               +-------+-------+-------+-------+-------+----------------------
